 Dungeon Crawl Stone Soup version 0.22.1-5-g62c59d9 (webtiles) character file.

4581 Kairos the Cleaver (level 10, -6/51 HPs)
             Began as a Vine Stalker Fighter on Jan 14, 2019.
             Was a Follower of Okawaru.
             Mangled by a two-headed ogre
             ... wielding a +0 giant spiked club
              (14 damage)
             ... on level 9 of the Dungeon.
             The game lasted 00:12:55 (7729 turns).

Kairos the Cleaver (Vine Stalker Fighter)           Turns: 7729, Time: 00:12:56

Health: -6/51      AC:  9    Str: 24    XL:     10   Next: 41%
Magic:  0/11       EV:  9    Int:  8    God:    Okawaru [*.....]
Gold:   496        SH: 11    Dex: 14    Spells: 9/9 levels left

rFire    . . .     SeeInvis .   a - +0 war axe
rCold    . . .     Gourm    .   c - +0 shield
rNeg     . . .     Faith    .   b - +0 scale mail
rPois    +         Spirit   +   m - +2 hat
rElec    .         Reflect  .   C - scarf {repulsion}
rCorr    .         Harm     .   (no gloves)
MR       +....                  (no boots)
Stlth    ..........             g - amulet of magic regeneration
HPRegen  0.57/turn              B - +2 ring of strength
MPRegen  0.37/turn              d - ring of poison resistance

@: repel missiles
A: fangs 3, regeneration 1, magic shield, antimagic bite, no potion heal 3, rot
immunity
a: Heroism, Renounce Religion


You were on level 9 of the Dungeon.
You worshipped Okawaru.
Okawaru was aware of your devotion.
You were not hungry.

You visited 2 branches of the dungeon, and saw 10 of its levels.

You collected 496 gold pieces.

Inventory:

Hand Weapons
 a - a +0 war axe (weapon)
 h - a +2 morningstar of freezing
 H - a cursed +3 morningstar
Armour
 b - a +0 scale mail (worn)
 c - a +0 shield (worn)
 m - a +2 hat (worn)
 s - a +0 cloak
 C - a scarf of repulsion (worn)
Jewellery
 d - a ring of poison resistance (right hand)
 g - an amulet of magic regeneration (around neck)
 x - an uncursed ring of positive energy
 B - a +2 ring of strength (left hand)
Wands
 G - a wand of digging (11)
 I - a wand of acid (5)
 K - a wand of enslavement (19)
 L - a wand of iceblast (11)
Scrolls
 e - 8 scrolls of identify
 j - 5 scrolls of teleportation {unknown}
 k - 2 scrolls of fog {unknown}
 t - 3 scrolls of remove curse
 u - a scroll of magic mapping
 w - 2 scrolls of immolation {unknown}
 y - 2 scrolls of fear {unknown}
 A - 2 scrolls of amnesia {unknown}
 E - a scroll of enchant armour {unknown}
 J - a scroll of holy word {unknown}
Potions
 i - 3 potions of cancellation {unknown}
 l - 3 potions of curing
 n - 2 potions of degeneration {unknown}
 o - 3 potions of agility {unknown}
 p - 3 potions of lignification {unknown}
 q - a potion of heal wounds
 r - 2 potions of invisibility {unknown}
 v - 2 potions of flight {unknown}
 z - a potion of ambrosia {unknown}
 D - a potion of haste {unknown}
 F - 2 potions of brilliance {unknown}
Comestibles
 f - 17 rations


   Skills:
 + Level 5.5 Fighting
 + Level 9.0 Axes
 + Level 6.2 Armour
 + Level 2.5 Dodging
 + Level 1.3 Stealth
 + Level 6.5 Shields


You had 9 spell levels left.
You didn't know any spells.
Your spell library contained the following spells:

 Spells                   Type           Power        Failure   Level  Hunger
 Magic Dart               Conj           #...         96%         1    ##.....
 Sting                    Conj/Pois      #...         96%         1    ##.....
 Summon Small Mammal      Summ           #...         96%         1    ##.....
 Blink                    Tloc           N/A          99%         2    ###....
 Call Imp                 Summ           #.......     99%         2    ###....
 Poisonous Vapours        Pois/Air       #.....       99%         2    ###....
 Slow                     Hex            #.......     99%         2    ###....
 Call Canine Familiar     Summ           #.......     100%        3    ####...
 Conjure Flame            Conj/Fire      #.......     100%        3    ####...
 Mephitic Cloud           Conj/Pois/Air  #.......     100%        3    ####...
 Summon Guardian Golem    Hex/Summ       #.......     100%        3    ####...
 Olgreb's Toxic Radiance  Pois           #.......     100%        4    #####..
 Summon Ice Beast         Ice/Summ       #.......     100%        4    #####..
 Summon Lightning Spire   Summ/Air       #.......     100%        4    #####..
 Venom Bolt               Conj/Pois      #.........   100%        5    ######.


Dungeon Overview and Level Annotations

Branches:
Dungeon (9/15)             Temple (1/1) D:7
   Lair: D:8-11         Orc: D:9-12

Altars:
Ashenzari
Cheibriados
Dithmenos
Elyvilon
Fedhas
Gozag
Hepliaklqana
Kikubaaqudgha
Makhleb
Nemelex Xobeh
Okawaru
Qazlal
Sif Muna
Trog
Uskayaw
Vehumet
Wu Jian
Xom
Yredelemnul
Zin
The Shining One

Shops:
D:6 !   D:8 =

Annotations:
D:8 3 runed doors, bmj180's ghost, novice HuFi


Innate Abilities, Weirdness & Mutations

You have razor-sharp teeth.
Your natural rate of healing is unusually fast.
When hurt, damage is shared between your health and your magic reserves.
Your bite disrupts and absorbs the magic of your enemies.
Potions cannot restore your health.
You are immune to rotting.


Message History

You hit the two-headed ogre.
Unknown command.
You hit the two-headed ogre.
The two-headed ogre is moderately wounded.
The two-headed ogre hits you with a giant spiked club!
The two-headed ogre hits you with a giant spiked club.
You slash the two-headed ogre! You bite the two-headed ogre.
You drain its power.
You feel invigorated.
The two-headed ogre is heavily wounded.
You block the two-headed ogre's attack.
The two-headed ogre hits you with a giant spiked club!
You are too injured to fight recklessly!
You are too injured to fight recklessly!
You are too injured to fight recklessly!
You hit the two-headed ogre.
The two-headed ogre is heavily wounded.
The two-headed ogre hits you with a giant spiked club!!
* * * LOW HITPOINT WARNING * * *
The two-headed ogre hits you with a giant spiked club!
You die...

#..........'...##...
#...<......########+
#..........#
#######'#### ##....#
#..#### ###.#######
#../......#
#..@......#
#..O.......
#.........#
#.........#
#.........#
..........#
#########.## .#


You could see a two-headed ogre.

Vanquished Creatures
  A two-headed ogre (D:8)
  Prince Ribbit (D:5)
  A hippogriff (D:8)
  A spriggan (D:7)
  A wyvern (D:8)
  Eustachio (D:4)
  An orc warrior (D:7)
  2 ice beasts
  A phantom (D:8)
  A sky beast (D:7)
  3 ogres
  A big kobold (D:5)
  3 bullfrogs
  A water moccasin zombie (D:5)
  A scorpion (D:9)
  4 killer bees (D:8)
  13 wights
  3 crimson imps
  A howler monkey (D:5)
  A bullfrog zombie (D:6)
  2 centaur skeletons
  Crazy Yiuf (D:3)
  3 bullfrog skeletons
  5 orc priests
  6 hounds
  A gnoll shaman (D:4)
  Jessica (D:3)
  3 iguanas
  6 orc wizards
  3 worker ants
  A hound skeleton (D:7)
  A worker ant zombie (D:6)
  11 gnolls
  A howler monkey skeleton (D:8)
  8 adders
  An adder skeleton (D:4)
  4 worms
  A dart slug (D:1)
  3 leopard geckos
  13 orcs
  10 giant cockroaches
  8 goblins
  6 hobgoblins
  3 jackals (D:3)
  5 quokkas
  5 bats
  5 frilled lizards
  A giant cockroach zombie (D:6)
  2 jackal skeletons
  12 kobolds
  A leopard gecko skeleton (D:7)
  A leopard gecko zombie (D:6)
  A quokka skeleton (D:8)
  5 rats
  4 fungi (D:3)
186 creatures vanquished.

Notes
Turn   | Place    | Note
-------+----------+-------------------------------------------
     0 | D:1      | Kairos the Vine Stalker Fighter began the quest for the
                  | Orb.
     0 | D:1      | Reached XP level 1. HP: 11/11 MP: 2/2
    91 | D:1      | Reached XP level 2. HP: 16/16 MP: 3/3
   731 | D:2      | Reached XP level 3. HP: 20/20 MP: 4/4
   796 | D:2      | Reached skill level 2 in Axes
  1148 | D:2      | Found a hide-covered altar of Uskayaw.
  1189 | D:2      | Found a radiant altar of Vehumet.
  1696 | D:2      | Gained mutation: Your natural rate of healing is unusually
                  | fast. [Vine Stalker growth]
  1696 | D:2      | Reached XP level 4. HP: 23/24 MP: 5/5
  1811 | D:2      | Found a snail-covered altar of Cheibriados.
  1818 | D:2      | Found a white marble altar of Elyvilon.
  2273 | D:3      | Found an ornate altar of the Wu Jian Council.
  2405 | D:3      | Reached XP level 5. HP: 28/28 MP: 6/6
  2492 | D:3      | Noticed Jessica
  2501 | D:3      | Killed Jessica
  2697 | D:3      | Found a runed door.
  2701 | D:3      | Noticed Crazy Yiuf
  2710 | D:3      | Killed Crazy Yiuf
  2952 | D:4      | Reached skill level 3 in Axes
  2952 | D:4      | Reached XP level 6. HP: 26/32 MP: 7/7
  3159 | D:4      | Noticed Eustachio
  3162 | D:4      | You fall through a shaft for 2 floors!
  3208 | D:5      | Entered Level 5 of the Dungeon
  3294 | D:5      | Reached skill level 4 in Axes
  3294 | D:5      | Reached XP level 7. HP: 36/37 MP: 8/8
  3306 | D:5      | Reached skill level 1 in Dodging
  3399 | D:5      | Noticed Prince Ribbit
  3693 | D:5      | You fall through a shaft for 3 floors!
  3737 | D:8      | Noticed bmj180's ghost (novice HuFi)
  4004 | D:7      | Reached skill level 5 in Axes
  4004 | D:7      | Gained mutation: You have razor-sharp teeth. [Vine Stalker
                  | growth]
  4004 | D:7      | Reached XP level 8. HP: 37/42 MP: 9/9
  4102 | D:5      | Killed Prince Ribbit
  4102 | D:5      | Reached skill level 5 in Shields
  4158 | D:6      | Found Kazituar's Distillery.
  4332 | D:6      | Reached skill level 1 in Stealth
  4347 | D:6      | Reached skill level 6 in Axes
  4684 | D:4      | Reached XP level 9. HP: 11/46 MP: 6/10
  4828 | D:4      | Killed Eustachio
  5251 | D:6      | Reached skill level 5 in Armour
  5264 | D:6      | Reached skill level 7 in Axes
  5590 | D:6      | Found a deep blue altar of Sif Muna.
  6275 | D:7      | Found a stormy altar of Qazlal.
  6339 | D:7      | Reached skill level 8 in Axes
  6363 | D:7      | Found a staircase to the Ecumenical Temple.
  6376 | Temple   | Entered the Ecumenical Temple
  6412 | Temple   | Became a worshipper of Warmaster Okawaru
  6528 | D:7      | Reached skill level 5 in Fighting
  6637 | D:7      | Found a bloodstained altar of Trog.
  6826 | D:7      | Found a deep blue altar of Sif Muna.
  6827 | D:7      | Found a shimmering altar of Xom.
  6829 | D:7      | Found a blossoming altar of Fedhas.
  6830 | D:7      | Found a hazy altar of Hepliaklqana.
  6866 | D:8      | Noticed a two-headed ogre
  6971 | D:8      | Reached XP level 10. HP: 42/51 MP: 11/11
  6978 | D:8      | Killed a two-headed ogre
  6978 | D:8      | Reached * piety under Okawaru
  7032 | D:8      | Found a burning altar of Makhleb.
  7034 | D:8      | Found a glowing silver altar of Zin.
  7034 | D:8      | Noticed an angel
  7035 | D:8      | Noticed a green death
  7099 | D:8      | Found a runed gate.
  7100 | D:8      | Found a runed gate.
  7105 | D:8      | Found Vusmalat's Jewellery Emporium.
  7105 | D:8      | Found a runed gate.
  7115 | D:8      | Reached skill level 9 in Axes
  7720 | D:9      | Noticed a two-headed ogre
  7729 | D:9      | Mangled by a two-headed ogre

Skill      XL: |  1  2  3  4  5  6  7  8  9 10 |
---------------+-------------------------------+-----
Shields        | 3 4 5 6 |  6.5
Fighting       | 3 4 5 |  5.5
Axes           | 2 3 4 5 6 8 9 |  9.0
Armour         | 3 4 5 6 |  6.2
Dodging        | 1 2 |  2.5
Stealth        | 1 |  1.3

Action                   |  1- 3 |  4- 6 |  7- 9 | 10-12 || total
-------------------------+-------+-------+-------+-------++-------
Melee: War axe           |    87 |   191 |   370 |    69 ||   717
       Bite              |    23 |    64 |   104 |    30 ||   221
  Use: Scroll            |       |     3 |     1 |       ||     4
       Potion            |       |     1 |     1 |       ||     2
  Eat: Chunk             |     2 |     5 |    13 |       ||    20
       Ration            |       |       |     1 |       ||     1
Armor: Scale mail        |    41 |    90 |   131 |    12 ||   274
Dodge: Dodged            |    36 |    65 |   112 |    18 ||   231
       Deflected         |       |       |     1 |       ||     1
Block: Shield            |    52 |   124 |   215 |    45 ||   436
